 Dungeon Crawl Stone Soup version 0.31-a0-1002-g8e65716e6e (webtiles) character file.

Game seed: 11716926816404064778

30 BinkBink the Trooper (level 3, -2/24 HPs)
             Began as a Gargoyle Monk on Nov 10, 2023.
             Slain by a cerulean imp
             ... wielding a +1 spear
             ... summoned by Natasha
              (3 damage)
             ... on level 2 of the Dungeon.
             The game lasted 00:00:41 (529 turns).

BinkBink the Trooper (Gargoyle Monk)                 Turns: 529, Time: 00:00:41

Health: -2/24      AC:  5    Str: 16    XL:     3   Next: 20%
Magic:  3/3        EV: 12    Int: 10    God:
Gold:   109        SH:  0    Dex: 12    Spells: 2/2 levels left

rFire   . . .        a - +0 hand axe
rCold   . . .        d - orb {light}
rNeg    + . .        b - +0 robe
rPois   ∞            (no helmet)
rElec   +            (no cloak)
rCorr   .            (no gloves)
SInv    .            (no boots)
Will    .....        (no amulet)
Stlth   +            (no ring)
HPRegen 0.24/turn    (no ring)
MPRegen 0.08/turn

%: no passive effects
@: slowed, glowing, very slow
A: sickness immunity, AC +3, negative energy resistance 1, electricity
resistance, torment resistance 1, petrification resistance
a: no special abilities


You were on level 2 of the Dungeon.
You visited 1 branch of the dungeon, and saw 2 of its levels.

You collected 109 gold pieces.

Inventory:

Hand Weapons
 a - a +0 hand axe (weapon)
Armour
 b - a +0 robe (worn)
 d - an orb of light (worn)
Scrolls
 e - a scroll of silence {unknown}
 f - a scroll of torment {unknown}
 g - 2 scrolls of immolation {unknown}
 h - a scroll of fog {unknown}
 i - a scroll of revelation {unknown}
 j - a scroll of teleportation {unknown}
Potions
 c - 2 potions of ambrosia
 k - a potion of lignification {unknown}
 l - a potion of magic {unknown}


   Skills:
 + Level 3.7 Fighting
 + Level 3.0 Axes
 + Level 1.0 Armour
 + Level 2.7 Dodging


You had 2 spell levels left.
You didn't know any spells.
Your spell library contained the following spells:

 Spells                   Type           Power      Damage    Failure   Level
 Ensorcelled Hibernation  Hex/Ice        0%         N/A       50%         2
 Passwall                 Tmut/Erth      0%         N/A       50%         2
 Swiftness                Air            0%         N/A       75%         3


Dungeon Overview and Level Annotations

Branches:
Dungeon (2/15)

Altars:

Annotations:
D:2 Natasha


Innate Abilities, Weirdness & Mutations

You are immune to sickness and miasma.
Your stone body is resilient. (AC +3)
You are immune to poison.
You resist negative energy. (rN+)
You are resistant to electric shocks. (rElec)
You are resistant to unholy torment.
You are immune to petrification.


Message History

Natasha is nearby!
Natasha is nearby!
Natasha is nearby!
Natasha casts a spell at you.
You feel yourself slow down. Natasha misses you. Natasha closely misses you.
You hit Natasha but do no damage. Natasha casts a spell at you.
You feel as though you will be slow longer.
Natasha mumbles some strange words.
You hit Natasha.
Natasha is moderately wounded.
The cerulean imp hits you from afar with a +2 spear.
Natasha claws you.
You barely miss Natasha.
Natasha is moderately wounded.
Natasha mumbles some strange words.
The cerulean imp hits you from afar with a +2 spear.
Natasha claws you! The cerulean imp closely misses you.
You are too injured to fight recklessly!
You are too injured to fight recklessly!
You are too injured to fight recklessly!
You are too injured to fight recklessly!
Unknown command.
You completely miss Natasha.
Natasha is moderately wounded.
The cerulean imp hits you from afar with a +2 spear.
* * * LOW HITPOINT WARNING * * *
Natasha hisses.
Natasha mumbles some strange words.
The cerulean imp hits you from afar with a +2 spear.
* * * LOW HITPOINT WARNING * * *
The cerulean imp misses you. Natasha claws you.
* * * LOW HITPOINT WARNING * * *
You hit Natasha.
Natasha is heavily wounded.
The cerulean imp hits you from afar with a +2 spear.
* * * LOW HITPOINT WARNING * * *
The cerulean imp hits you from afar with a +1 spear.
You die...

.. #.# #.# #. #.#
#.########
#.####.####.........
.####............######.
...........#####.# #.
.................# ####.
####...########## #....
#5..####### #....
#..@.5..... #....
#..h####### #.... #.5.#
#.... #...# #.... #....
###.... ##..# ........
...# ####.##. ##.# #.##.
#.##.


You could see Natasha and 3 cerulean imps.

Vanquished Creatures
  An adder (D:2)
  An endoplasm (D:1)
  2 giant cockroaches (D:1)
  2 hobgoblins (D:1)
  3 jackals (D:1)
  A kobold (D:1)
  2 quokkas (D:1)
  A ball python (D:1)
  A bat (D:1)
  2 frilled lizards (D:1)
  5 rats (D:1)
21 creatures vanquished.

Notes
Turn   | Place    | Note
-------+----------+-------------------------------------------
     0 | D:1      | BinkBink the Gargoyle Monk began the quest for the Orb.
     0 | D:1      | Reached XP level 1. HP: 14/14 MP: 1/1
    60 | D:1      | Reached XP level 2. HP: 19/19 MP: 2/2
   484 | D:2      | Reached skill level 1 in Armour
   484 | D:2      | Reached XP level 3. HP: 17/24 MP: 3/3
   521 | D:2      | Noticed Natasha
   529 | D:2      | HP: 1/24 [cerulean imp/+2 spear[Natasha] (2)]
   529 | D:2      | Slain by a cerulean imp

Illustrated notes

Levels and vault maps discovered:
D:1:      dpeg_arrival_tiny_a, layout_rooms
D:2:      layout_loops_ring, ebering_ecumenical_altar_sacrificial, minivault_5,
          uniq_natasha

Skill      XL: |  1  2 |
---------------+-------+-----
Axes           | 3 |  3.0
Armour         | 1 |  1.0
Fighting       | |  3.7
Dodging        | |  2.7

Action                     || total
---------------------------++-------
  Melee: Hand axe          ||    55
 Armour: Robe              ||    33
  Dodge: Dodged            ||    44

Table legend: (Time is in decaauts)
 A = Elapsed time spent in this place.
 B = Non-inter-level travel time spent in this place.
 C = Inter-level travel time spent in this place.
 D = Time resting spent in this place.
 E = Time spent auto-exploring this place.
 F = Levels seen in this place.
 G = Mean time per level.
                   A        B        C        D        E       F      G
               +--------+--------+--------+--------+--------+-----+--------+
         Total |    540 |    516 |     24 |      0 |    383 |   2 |  270.0 |
       Dungeon |    540 |    516 |     24 |      0 |    383 |   2 |  270.0 |
               +--------+--------+--------+--------+--------+-----+--------+

Top non-repeatable levels by time:
     D:1: 432 daAuts
     D:2: 107 daAuts
